 Dungeon Crawl Stone Soup version 0.25.0-26-g0c896c7088 (webtiles) character file.

Game seed: 1799403268473826595

721 generaletaddeo the Charmwright (level 8, -5/50 HPs)
             Began as a Halfling Skald on July 2, 2020.
             Blown up by Ijyb (31 damage)
             ... with a disintegration bolt
             ... on level 4 of the Dungeon.
             The game lasted 00:35:04 (5679 turns).

generaletaddeo the Charmwright (Halfling Skald)     Turns: 5679, Time: 00:35:05

Health: -5/50      AC: 14    Str: 12    XL:     8   Next: 2%
Magic:  6/12       EV: 14    Int: 13    God:
Gold:   19         SH:  0    Dex: 14    Spells: 2/13 levels left

rFire    . . .     SeeInvis .   q - +4 dagger (protect)
rCold    + . .     Gourm    .   (shield restricted)
rNeg     . . .     Faith    .   b - +0 leather armour
rPois    .         Spirit   .   r - +0 helmet
rElec    .         Reflect  .   G - +1 cloak
rCorr    .         Harm     .   (no gloves)
MR       .....                  C - +0 pair of boots
Stlth    +.........             (no amulet)
HPRegen  0.16/turn              y - ring of protection from cold
MPRegen  0.13/turn              (no ring)

@: lethally poisoned (-5 -> -27), shrouded, infused, protection aura
A: small, mutation resistance 1
a: no special abilities


You were on level 4 of the Dungeon.
You were not hungry.

You visited 1 branch of the dungeon, and saw 4 of its levels.

You collected 52 gold pieces.
You spent 33 gold pieces at shops.

Inventory:

Hand Weapons
 a - a +0 short sword
 p - a +0 hunting sling
 q - a +4 dagger of protection (weapon)
 B - a +3 falchion of protection
Missiles
 c - 233 stones
 f - 50 poisoned darts (quivered)
 o - 13 sling bullets
 u - a throwing net
 v - 6 boomerangs
Armour
 b - a +0 leather armour (worn)
 r - a +0 helmet (worn)
 C - a +0 pair of boots (worn)
 G - a +1 cloak (worn)
Jewellery
 y - a ring of protection from cold (left hand)
Wands
 h - a wand of polymorph (23)
 D - a wand of clouds (1)
Scrolls
 g - a scroll of noise {unknown}
 l - 2 scrolls of enchant weapon {unknown}
 m - 3 scrolls of teleportation
 n - a scroll of identify
 s - a scroll of fog {unknown}
 t - 3 scrolls of remove curse
 A - a scroll of magic mapping {unknown}
Potions
 e - 5 potions of heal wounds
 i - a potion of haste
 j - a potion of stabbing
 k - 2 potions of magic {unknown}
 w - 2 potions of flight {unknown}
 x - a potion of might {unknown}
 z - 4 potions of curing
 E - a potion of ambrosia {unknown}
 F - a potion of mutation {unknown}
Comestibles
 d - 6 rations


   Skills:
 - Level 2.2 Fighting
 - Level 3.4 Short Blades
 - Level 1.1 Armour
 - Level 2.1 Dodging
 + Level 3.3 Spellcasting
 * Level 3.4 Hexes
 - Level 6.0 Charms
 - Level 2.0 Translocations


You had 2 spell levels left.
You knew the following spells:

 Your Spells              Type           Power        Failure   Level  Hunger
a - Infusion              Chrm           ###.         2%          1    #......
b - Song of Slaying       Chrm           ###.....     3%          2    ##.....
c - Shroud of Golubria    Chrm/Tloc      ##....       9%          2    ##.....
d - Spectral Weapon       Hex/Chrm       ##......     12%         3    ###....
e - Confusing Touch       Hex            ##......     22%         3    ###....

Your spell library contained the following spells:

 Spells                   Type           Power        Failure   Level  Hunger
 Ozocubu's Armour         Chrm/Ice       ##......     24%         3    ###....
 Gell's Gravitas          Tloc           #.........   36%         3    ###....
 Petrify                  Tmut/Erth      #.......     96%         4    #####..
 Metabolic Englaciation   Hex/Ice        #.........   98%         5    ######.
 Yara's Violent Unravell  Hex/Tmut       #.........   98%         5    ######.


Dungeon Overview and Level Annotations

Branches:
Dungeon (4/15)
 Temple: D:4-7

Altars:

Shops:
D:4 !

Annotations:
D:4 Ijyb


Innate Abilities, Weirdness & Mutations

You are small and have problems with some larger weapons.
You are somewhat resistant to further mutation.


Message History

You feel sick.
Your spectral weapon hits Ijyb.
Ijyb zaps a wand.
You are blasted!
Ouch! That really hurt!
You feel much better.
You feel sick. Ijyb hits you but does no damage.
You are more poisoned.
You barely miss Ijyb.
Ijyb is heavily wounded.
You feel sick.
Your spectral weapon hits Ijyb.
Ijyb drinks a potion.
Ijyb is healed!
You closely miss Ijyb.
You feel sick.
Your spectral weapon hits Ijyb but does no damage.
Ijyb zaps a wand.
You are blasted!
Evoke which item? (* to show all) (? for menu, Esc to quit)
Aiming: Cloud Cone
Press: ? - help, Dir - move target cursor, f - Ijyb
Aim: Ijyb, wielding a +0 dagger of venom, wearing a +0 leather armour and carrying a wand of disintegration (1)
You create a blast of freezing vapour!
You feel sick.
Ijyb is engulfed in freezing vapours.
Ijyb zaps a wand.
You are blasted!
Ouch! That really hurt!
You die...

######### #..§§§g@# #.#####(#
#.# ########## #.# #.........
#######.#######.######## #.
........................
#.#######.##.################
.[.g... #.##.#...........#
....... #.##.#.#########.#


You could see Ijyb and a friendly spectral +4 dagger of protection.

Vanquished Creatures
  Eustachio (D:4)
  Duvessa (D:4)
  2 ogres (D:4)
  Dowan (D:4)
  A hound (D:4)
  2 centaur skeletons (D:4)
  An orc wizard (D:2)
  A worker ant (D:4)
  4 adders
  An ooze (D:1)
  2 dart slugs
  4 leopard geckos
  7 orcs
  6 giant cockroaches
  6 hobgoblins
  3 jackals (D:1)
  3 quokkas
  4 bats
  5 frilled lizards
  10 goblins
  6 kobolds
  5 rats
76 creatures vanquished.

Notes
Turn   | Place    | Note
-------+----------+-------------------------------------------
     0 | D:1      | generaletaddeo the Halfling Skald began the quest for the
                  | Orb.
     0 | D:1      | Reached XP level 1. HP: 14/14 MP: 3/3
   262 | D:1      | Reached XP level 2. HP: 19/19 MP: 1/4
   266 | D:1      | Learned a level 2 spell: Song of Slaying
   864 | D:1      | Reached XP level 3. HP: 22/24 MP: 0/5
  1271 | D:1      | Learned a level 2 spell: Shroud of Golubria
  1485 | D:2      | Found a faded altar of an unknown god.
  1973 | D:2      | Reached XP level 4. HP: 27/29 MP: 2/7
  2267 | D:2      | Reached skill level 4 in Charms
  2267 | D:2      | Reached skill level 1 in Translocations
  2267 | D:2      | Reached XP level 5. HP: 34/34 MP: 2/8
  3558 | D:3      | Learned a level 3 spell: Spectral Weapon
  4047 | D:4      | Found Otegowui's Distillery.
  4056 | D:4      | Bought a potion of curing for 33 gold pieces
  4085 | D:4      | Noticed an ogre
  4370 | D:4      | Reached skill level 1 in Hexes
  4370 | D:4      | Reached XP level 6. HP: 39/39 MP: 3/9
  4432 | D:4      | Noticed Eustachio
  4502 | D:4      | Noticed Duvessa
  4502 | D:4      | Noticed Dowan
  4700 | D:4      | Killed Dowan
  4724 | D:4      | Killed Eustachio
  4724 | D:4      | Reached skill level 5 in Charms
  4724 | D:4      | Reached XP level 7. HP: 26/45 MP: 3/11
  4737 | D:4      | Killed Duvessa
  5117 | D:4      | Noticed Ijyb
  5336 | D:4      | Reached skill level 6 in Charms
  5412 | D:4      | Learned a level 3 spell: Confusing Touch
  5543 | D:4      | Reached XP level 8. HP: 50/50 MP: 2/12
  5679 | D:4      | Blown up by Ijyb

Illustrated notes

Levels and vault maps discovered:
D:1:      dpeg_arrival_tiny_c, layout_basic
D:2:      minmay_door_path, layout_loops_ring,
          chequers_ecumenical_altar_simple_redux, minmay_tromino_mix6
D:3:      layout_basic, first_ration, minivault_26
D:4:      layout_basic, serial_shops, shop, uniq_duvessa, uniq_eustachio,
          uniq_ijyb

Skill      XL: |  1  2  3  4  5  6  7 |
---------------+----------------------+-----
Fighting       | 2 |  2.2
Short Blades   | 3 |  3.4
Spellcasting   | 2 3 |  3.3
Charms         | 4 5 6 |  6.0
Translocations | 1 2 |  2.0
Hexes          | 1 2 3 |  3.4
Armour         | |  1.1
Dodging        | |  2.1

Action                   |  1- 3 |  4- 6 |  7- 9 || total
-------------------------+-------+-------+-------++-------
Melee: Short sword       |   130 |     5 |       ||   135
       Dagger            |       |   106 |    32 ||   138
Throw: Dart              |       |     4 |    17 ||    21
 Cast: Infusion          |    20 |    21 |     4 ||    45
       Song of Slaying   |       |     1 |       ||     1
       Shroud of Golubri |       |     3 |     3 ||     6
       Spectral Weapon   |       |       |     3 ||     3
Evoke: Wand              |       |     2 |     1 ||     3
  Use: Scroll            |       |     4 |     2 ||     6
       Potion            |       |       |     1 ||     1
 Stab: Distracted        |     1 |       |     1 ||     2
       Sleeping          |       |     1 |       ||     1
       Confused          |       |     1 |       ||     1
  Eat: Chunk             |     4 |     9 |     4 ||    17
Armor: Leather armour    |    24 |    35 |     8 ||    67
Dodge: Dodged            |    92 |    85 |    18 ||   195
